AoeStats
← HR Pinkman

Lombardia

508794073Analyzed
4v4 RM · 8d ago on Sep 24, 2026· 51m 10s· 8 players
Game mode
Random Map
Map size
Large (8 player)
Population
200
Speed
Normal
Resources
Standard
Victory
Conquest
Starting age
Dark Age
Ending age
Imperial Age
RankedLock teamsTeams togetherTeam positionsShared explorationLock speedFull tech treeHidden civsTurbo modeCheats
Victory
Defeat
🇨🇱 Burgundians · Chile
1829
+22
🇨🇱 Tatars · Chile
1825
+22
🇨🇱 Turks · Chile
1824
+22
🇨🇱 Portuguese · Chile
1818
+23
🇨🇦 Franks · Canada
2072
-25
🇺🇸 Malay · United States
1960
-22
🇨🇦 Khitans · Canada
1948
-22
🇨🇦 Armenians · Canada
1914
-20
OS+ | Tiggerr
9:21 Loom
11:07 Feudal Age
12:05 Double-Bit Axe
15:45 Castle Age
17:04 Bow Saw
24:16 Wheelbarrow
26:43 Hand Cart
33:16 Imperial Age
31:08 Fortified Wall
30:40 Treadmill Crane
32:48 Scale Barding Armor
33:19 Cavalier
34:19 Chain Barding Armor
34:10 Forging
34:23 Conscription
34:36 Gold Mining
35:13 Husbandry
34:54 Paladin
37:32 Plate Barding Armor
37:34 Iron Casting
37:58 Chivalry
38:08 Caravan
40:34 Blast Furnace
41:21 Siege Engineers
42:17 Chemistry
41:53 Town Watch
43:41 Fletching
44:26 Herbal Medicine
46:46 Light Cavalry
mentalist_
7:12 Loom
11:18 Feudal Age
11:26 Feudal Age
16:14 Castle Age
14:38 Scale Barding Armor
17:18 Chain Barding Armor
19:08 Wheelbarrow
18:51 Double-Bit Axe
19:28 Domestication
20:08 Town Watch
21:16 Husbandry
26:34 Forging
27:51 Hand Cart
28:53 Bow Saw
30:05 Gold Mining
30:17 Pastoralism
31:31 Light Cavalry
34:51 Imperial Age
32:16 Stone Mining
35:22 Elite Steppe Lancer
37:13 Plate Barding Armor
38:12 Iron Casting
40:28 Ordo Cavalry
40:40 Caravan
41:27 Conscription
41:21 Light Cavalry
43:01 Fletching
42:49 Hussar
44:01 Capped Ram
48:51 Masonry
49:27 Coinage
48:36 Siege Ram
Rooster
11:23 Feudal Age
15:25 Castle Age
13:26 Double-Bit Axe
17:47 Bow Saw
20:58 Wheelbarrow
20:28 Horse Collar
23:01 Loom
23:32 Hand Cart
24:22 Gold Mining
24:23 Stone Mining
29:31 Imperial Age
28:32 Gold Shaft Mining
28:02 Fletching
28:39 Ballistics
28:47 Bodkin Arrow
28:27 Crossbowman
30:51 Chemistry
29:40 Arbalester
30:28 Bracer
30:29 Padded Archer Armor
32:19 Leather Archer Armor
35:12 Ring Archer Armor
34:04 Elite Skirmisher
39:31 Conscription
39:14 Caravan
40:35 Thumb Ring
46:34 Town Watch
48:12 Pikeman
48:52 Squires
IamChristopher
11:13 Feudal Age
10:16 Loom
11:54 Double-Bit Axe
15:07 Castle Age
12:56 Horse Collar
16:21 Bow Saw
16:12 Heavy Plow
22:50 Wheelbarrow
23:44 Gold Mining
23:51 Stone Mining
25:43 Gold Shaft Mining
25:39 Redemption
26:27 Hand Cart
31:08 Imperial Age
28:32 Fletching
28:36 Town Watch
28:58 Padded Archer Armor
29:52 Bodkin Arrow
30:32 Leather Archer Armor
30:38 Ballistics
31:51 Bracer
32:17 Conscription
31:18 Elite Composite Bowman
33:04 Chemistry
32:56 Ring Archer Armor
32:48 Fortified Wall
34:15 Coinage
33:57 Fereters
35:14 Scale Mail Armor
36:07 Banking
37:10 Caravan
42:46 Guilds
43:12 Chain Mail Armor
43:08 Forging
42:58 Man-at-Arms
43:24 Gambesons
43:39 Squires
45:29 Plate Mail Armor
45:39 Iron Casting
44:48 Pikeman
44:49 Long Swordsman
45:16 Arson
45:47 Two-Handed Swordsman
47:59 Blast Furnace
47:19 Champion
49:02 Halberdier
HR itu
7:15 Loom
9:41 Feudal Age
11:21 Double-Bit Axe
13:27 Fletching
16:50 Horse Collar
21:17 Castle Age
19:49 Gold Mining
21:19 Crossbowman
21:55 Bodkin Arrow
22:21 Bow Saw
22:40 Padded Archer Armor
27:27 Wheelbarrow
33:21 Imperial Age
31:21 Hand Cart
32:17 Ballistics
35:27 Chemistry
35:22 Arquebus
35:44 Conscription
36:26 Bombard Tower
37:17 Siege Engineers
41:06 Town Watch
41:24 Bracer
41:06 Treadmill Crane
41:54 Elite Organ Gun
43:35 Caravan
45:17 Masonry
49:31 Architecture
HR 2666
3:29 Double-Bit Axe
7:36 Horse Collar
10:53 Feudal Age
11:55 Wheelbarrow
12:28 Bow Saw
16:12 Castle Age
15:04 Heavy Plow
14:56 Gold Mining
23:36 Hand Cart
23:09 Loom
26:48 Two-Man Saw
26:10 Light Cavalry
27:02 Town Watch
27:48 Crop Rotation
32:18 Imperial Age
29:14 Cavalier
29:55 Husbandry
30:02 Scale Barding Armor
30:07 Forging
31:07 Gold Shaft Mining
30:22 Stone Mining
32:16 Chain Barding Armor
33:28 Iron Casting
32:44 Paladin
34:01 Plate Barding Armor
34:27 Stone Shaft Mining
35:11 Conscription
36:36 Blast Furnace
38:20 Fortified Wall
37:54 Elite Coustillier
42:10 Hoardings
41:45 Burgundian Vineyards
43:07 Fletching
44:21 Bodkin Arrow
46:12 Caravan
46:16 Hussar
HR Sobek
8:54 Feudal Age
9:50 Double-Bit Axe
10:57 Horse Collar
15:48 Wheelbarrow
19:33 Castle Age
18:57 Gold Mining
20:01 Town Watch
20:39 Bow Saw
20:29 Heavy Plow
20:45 Hand Cart
20:58 Stone Mining
21:44 Gold Shaft Mining
21:28 Loom
25:25 Loom
28:26 Imperial Age
29:31 Padded Archer Armor
30:02 Masonry
33:04 Architecture
33:07 Ballistics
32:38 Fletching
33:38 Artillery
34:24 Leather Archer Armor
34:32 Bodkin Arrow
36:19 Treadmill Crane
37:39 Bombard Tower
38:15 Elite Janissary
39:14 Bracer
40:25 Conscription
43:22 Ring Archer Armor
45:08 Hoardings
49:05 Caravan
HR Pinkman
6:23 Loom
9:12 Feudal Age
9:41 Double-Bit Axe
9:37 Horse Collar
19:07 Castle Age
20:53 Bow Saw
21:38 Bloodlines
21:31 Husbandry
25:10 Wheelbarrow
24:37 Heavy Plow
27:11 Hand Cart
29:31 Fletching
32:23 Imperial Age
29:40 Town Watch
29:56 Padded Archer Armor
30:17 Ballistics
30:55 Bodkin Arrow
31:16 Leather Archer Armor
32:12 Fortified Wall
32:13 Masonry
33:07 Bracer
34:26 Chemistry
33:13 Heavy Cavalry Archer
35:10 Ring Archer Armor
35:09 Conscription
36:20 Timurid Siegecraft
36:12 Silk Armor
37:13 Coinage
37:13 Siege Engineers
39:15 Scale Barding Armor
41:41 Caravan
42:33 Chain Barding Armor
42:23 Forging
41:34 Light Cavalry
44:18 Banking
44:54 Timurid Siegecraft
48:47 Guilds
Connection lost

Rejoining the realm…

Still unreachable

The connection could not be restored.

Session expired

The server has moved on; the page needs a fresh start.